 Dungeon Crawl Stone Soup version 0.31-a0-222-gefeffbb62a (webtiles) character file.

Game seed: 2666955261452622450

130 qw the Shooter (level 5, -2/30 HPs)
             Began as a Gargoyle Hexslinger on July 5, 2023.
             Killed by nerve-wracking pain
             ... invoked by Grinder
              (7 damage)
             ... on level 3 of the Dungeon.
             The game lasted 00:00:49 (1708 turns).

qw the Shooter (Gargoyle Hexslinger)                Turns: 1708, Time: 00:00:50

Health: -2/30      AC:  6    Str: 12    XL:     5   Next: 13%
Magic:  6/6        EV: 12    Int: 13    God:
Gold:   104        SH:  0    Dex: 14    Spells: 5/6 levels left

rFire   . . .        Y - +1 sling
rCold   . . .        (no shield)
rNeg    + . .        c - +0 robe
rPois   inf          (no helmet)
rElec   +            (no cloak)
rCorr   .            (no gloves)
SInv    .            (no boots)
Will    .....        (no amulet)
Stlth   +            (no ring)
HPRegen 0.25/turn    (no ring)
MPRegen 0.10/turn

%: no passive effects
@: no status effects
A: sickness immunity, AC +4, negative energy resistance 1, electricity
resistance, torment resistance 1, petrification resistance
a: no special abilities


You were on level 3 of the Dungeon.
You visited 1 branch of the dungeon, and saw 3 of its levels.

You collected 104 gold pieces.


Innate Abilities, Weirdness & Mutations

You are immune to sickness and miasma.
Your stone body is resilient. (AC +4)
You are immune to poison.
You resist negative energy. (rN+)
You are resistant to electric shocks. (rElec)
You are resistant to unholy torment.
You are immune to petrification.


   Skills:
 - Level 2.0 Fighting
 + Level 4.9 Ranged Weapons
 - Level 1.5 Dodging
 - Level 1.0 Spellcasting
 - Level 2.6 Hexes


You had 5 spell levels left.
You knew the following spells:

 Your Spells              Type           Power      Damage    Failure   Level
a - Slow                  Hex            28%        N/A       10%         1

Your spell library contained the following spells:

 Spells                   Type           Power      Damage    Failure   Level
 Inner Flame              Hex/Fire       4%         N/A       43%         3
 Portal Projectile        Hex/Tloc       8%         N/A       43%         3
 Cause Fear               Hex            3%         N/A       67%         4

Inventory:

Hand Weapons
 Y - a +1 sling (weapon)
Armour
 c - a +0 robe (worn)
Scrolls
 e - a scroll of identify
 g - a scroll of fog {unknown}
Potions
 a - a potion of brilliance {unknown}
 b - a potion of ambrosia {unknown}
 d - 2 potions of curing
 f - a potion of heal wounds {unknown}

Dungeon Overview and Level Annotations

Branches:
Dungeon (3/15)

Altars:

Annotations:
D:3 Grinder


Message History

You shoot a sling bullet. The sling bullet barely misses Grinder.
You shoot a sling bullet.
The sling bullet closely misses Grinder.
You shoot a sling bullet.
The sling bullet completely misses Grinder.
You shoot a sling bullet. The sling bullet hits Grinder.
Grinder is lightly wounded.
Grinder gestures at you.
You barely resist. You shoot a sling bullet.
The sling bullet barely misses Grinder.
You shoot a sling bullet. The sling bullet hits Grinder.
Grinder is moderately wounded.
You shoot a sling bullet. The sling bullet hits Grinder.
Grinder is moderately wounded.
Grinder hits you.
You writhe in agony.
Grinder gestures at you. Pain shoots through your body!
You shoot a sling bullet. The sling bullet barely misses Grinder.
Grinder barely misses you.
You shoot a sling bullet.
The sling bullet closely misses Grinder.
Grinder gestures at you. You resist with significant effort.
You shoot a sling bullet.
The sling bullet closely misses Grinder.
Grinder hits you!
You shoot a sling bullet.
The sling bullet closely misses Grinder.
You hear the slow rusting of a very distant drain.
Grinder hits you.
You writhe in agony.
You shoot a sling bullet.
The sling bullet hits Grinder but does no damage.
Grinder is moderately wounded.
Grinder hits you.
You writhe in agony.
You shoot a sling bullet. The sling bullet barely misses Grinder.
Grinder says, "DUCK!"
Grinder hits you.
You writhe in agony.
Grinder gestures at you. Pain shoots through your body!
You die...

#.##.# #.# #.##.# #.###
#.##.# #.#.. #.##.#
#...# #.##.# #....
#.##.# #.##.
#.##.#####.##.
##.########.##..........
...)..5@..%(########.##.
######.#####......%.....
#. #.#######.... #. #.#
##### #. #.# #. #.# #.
#.# ). #.# ..#


You could see Grinder.

Vanquished Creatures
  Natasha (D:3)
  4 adders
  4 dart slugs
  An orc (D:3)
  A ball python (D:2)
  7 endoplasms
  2 giant cockroaches (D:1)
  5 goblins
  7 hobgoblins
  5 jackals
  5 kobolds
  2 quokkas
  6 bats
  2 frilled lizards (D:1)
  2 rats (D:1)
54 creatures vanquished.

Notes
Turn   | Place    | Note
-------+----------+-------------------------------------------
     0 | D:1      | qw the Gargoyle Hexslinger began the quest for the Orb.
     0 | D:1      | Reached XP level 1. HP: 12/12 MP: 2/2
     0 | D:1      | 0 ||| qw: Version: 0.3-a-46-gb1f654a
     0 | D:1      | 0 ||| qw: Game counter: 1056
     0 | D:1      | 0 ||| qw: Melee chars always use a shield: true
     0 | D:1      | 0 ||| qw: God list: Okawaru
     0 | D:1      | 0 ||| qw: Allow faded altars: false
     0 | D:1      | 0 ||| qw: Do Orc after clearing Dungeon:15 true
     0 | D:1      | 0 ||| qw: Do second Lair branch before Depths: true
     0 | D:1      | 0 ||| qw: Lair rune preference: random
     0 | D:1      | 0 ||| qw: Goals: Normal
     0 | D:1      | 0 ||| PLANNING D:1-11
    76 | D:1      | Reached XP level 2. HP: 16/16 MP: 3/3
   159 | D:1      | You fall into a shaft and drop 1 floor!
   173 | D:2      | 173 ||| READING scroll labelled TILEIQ COGIUCY.
   178 | D:2      | 178 ||| READING scroll labelled PAYFEH DUSCH.
   179 | D:2      | 179 ||| DROPPING scroll of poison.
   180 | D:2      | 180 ||| Stepping randomly (stuck).
   181 | D:2      | 181 ||| Stepping randomly (stuck).
   183 | D:2      | 183 ||| Stepping randomly (stuck).
   184 | D:2      | 184 ||| Stepping randomly (stuck).
   191 | D:2      | Reached skill level 3 in Ranged Weapons
   191 | D:2      | 191 ||| Stepping randomly (stuck).
   192 | D:2      | 192 ||| Stepping randomly (stuck).
   193 | D:2      | 193 ||| Stepping randomly (stuck).
   195 | D:2      | 195 ||| READING scroll labelled GON RUIRAEFF.
   207 | D:2      | 207 ||| FLEEEEING.
   208 | D:2      | 208 ||| FLEEEEING.
   209 | D:2      | 209 ||| FLEEEEING.
   210 | D:2      | 210 ||| STAIRDANCE
   287 | D:1      | HP: 2/16 [hobgoblin (3)]
   433 | D:1      | Reached XP level 3. HP: 21/21 MP: 4/4
   824 | D:1      | 824 ||| READING scroll labelled IZISMO WERER.
   825 | D:1      | 825 ||| READING scroll labelled XAESUSTR BYMP.
   926 | D:1      | 926 ||| READING scroll labelled JEERUHOESUT.
  1065 | D:2      | 1065 ||| STAIRDANCE
  1087 | D:2      | 1087 ||| STAIRDANCE
  1092 | D:1      | Reached XP level 4. HP: 16/26 MP: 5/5
  1137 | D:2      | 1137 ||| STAIRDANCE
  1159 | D:2      | 1159 ||| STAIRDANCE
  1245 | D:2      | 1245 ||| Stepping ~*~*~tactically~*~*~ (water).
  1247 | D:2      | Reached skill level 4 in Ranged Weapons
  1259 | D:2      | 1259 ||| DRINKING 3 clear potions.
  1497 | D:2      | 1497 ||| READING 2 scrolls of identify.
  1497 | D:2      | 1497 ||| IDENTIFYING blue potion
  1498 | D:2      | 1498 ||| DROPPING potion of degeneration.
  1513 | D:3      | 1513 ||| PLANNING SEWER
  1545 | D:3      | Noticed Natasha
  1559 | D:3      | Killed Natasha
  1652 | D:3      | Reached XP level 5. HP: 30/30 MP: 6/6
  1686 | D:3      | Noticed Grinder
  1708 | D:3      | HP: 7/30 [Grinder (3)]
  1708 | D:3      | Killed from afar by Grinder

Levels and vault maps discovered:
D:1:      eino_arrival_water_star, layout_basic, minmay_crystal_room
D:2:      wander_river, layout_rooms
D:3:      layout_loops_ring, nicolae_qazlal_eye_of_the_storm,
          portal_sewer_entry_f, uniq_robin, uniq_natasha, uniq_grinder,
          uniq_jessica

Skill      XL: |  1  2  3  4 |
---------------+-------------+-----
Ranged Weapons | 3 4 |  4.9
Fighting       | 2 |  2.0
Dodging        | |  1.5
Spellcasting   | |  1.0
Hexes          | |  2.6

Action                     |  1- 3 |  4- 6 || total
---------------------------+-------+-------++-------
   Fire: Sling             |   107 |    95 ||   202
    Use: Scroll            |     6 |     1 ||     7
         Potion            |       |     1 ||     1
 Armour: Robe              |    14 |    20 ||    34
  Dodge: Dodged            |    56 |    30 ||    86

Table legend:
 A = Non-vault XP
 B = Vault XP
 C = Vault XP percentage of total XP
 D = Non-vault monster count
 E = Vault monster count
 F = Vault count percentage of total count
                 A         B        C        D         E       F
            +---------+---------+-------+---------+---------+-------
      Total |     151 |      35 |  18.8 |      53 |       1 |   1.9
            +---------+---------+-------+---------+---------+-------
        D:1 |      77 |       0 |   0.0 |      33 |       0 |   0.0
        D:2 |      25 |       0 |   0.0 |      13 |       0 |   0.0
        D:3 |      49 |      35 |  41.7 |       7 |       1 |  12.5
            +---------+---------+-------+---------+---------+-------
